 Dungeon Crawl Stone Soup version 0.30-a0-374-g95c0257040 (webtiles) character file.

Game seed: 15470369511998522971

1897 Bnni the Spear-Bearer (level 9, -15/74 HPs)
             Began as a Formicid Fighter on Nov 25, 2022.
             Demolished by an orc warlord
             ... wielding a +2 battleaxe
              (27 damage)
             ... in a bailey.
             The game lasted 00:10:53 (4407 turns).

Bnni the Spear-Bearer (Formicid Fighter)            Turns: 4407, Time: 00:10:54

Health: -15/74     AC: 14    Str: 25    XL:     9   Next: 37%
Magic:  9/9        EV:  6    Int:  8    God:
Gold:   1439       SH:  7    Dex: 25    Spells: 8/8 levels left

rFire   . . .      SeeInvis +    a - +1 trident
rCold   . . .      Faith    +    c - +0 buckler
rNeg    . . .      Spirit   .    v - +0 plate armour
rPois   .          Reflect  .    (helmet unavailable)
rElec   .          Harm     .    (no cloak)
rCorr   .          Rampage  .    (no gloves)
Will    .....                    u - +2 pair of boots
Stlth   ..........               s - amulet of faith
HPRegen 0.32/turn                q - +6 ring of dexterity
MPRegen 0.11/turn                b - +6 ring of dexterity

@: no status effects
A: permanent stasis, dig shafts and tunnels, antennae 3, four strong arms
a: Dig


You were in a bailey.
You visited 1 branch of the dungeon, and saw 5 of its levels.
You also visited: Bailey.

You collected 1439 gold pieces.

Inventory:

Hand Weapons
 a - a +1 trident (weapon)
Armour
 c - a +0 buckler (worn)
 u - a +2 pair of boots (worn)
 v - a +0 plate armour (worn)
Jewellery
 b - a +6 ring of dexterity (right hand)
 q - a +6 ring of dexterity (left hand)
 r - a ring of flight
 s - an amulet of faith (around neck)
 x - the ring of Ephemeral Luck {Will+ Int+2}
   (You found it on level 7 of the Dungeon)

   [ring of willpower]

   Int:       It affects your intelligence (+2).
   Will:      It increases your willpower.
Wands
 t - a wand of iceblast (3)
Scrolls
 g - a scroll of enchant armour
 l - 2 scrolls of blinking
Potions
 h - 2 potions of curing
 k - a potion of mutation
 o - 3 potions of brilliance


   Skills:
 + Level 7.9 Fighting
 * Level 9.5 Polearms
 - Level 3.2 Armour
 - Level 5.0 Shields


You had 8 spell levels left.
You didn't know any spells.
Your spell library contained the following spells:

 Spells                   Type           Power      Damage    Failure   Level
 Kiss of Death            Conj/Necr      0%         2d5       100%        1
 Confusing Touch          Hex            0%         N/A       100%        3
 Gell's Gravitas          Tloc           0%         N/A       100%        3
 Lesser Beckoning         Tloc           0%         N/A       100%        3
 Teleport Other           Tloc           0%         N/A       100%        3
 Dispel Undead            Necr           0%         3d6       100%        4
 Manifold Assault         Tloc           0%         N/A       100%        4
 Storm Form               Tmut/Air       0%         N/A       100%        7
 Blink                    Tloc           Unusable   N/A       N/A         2

Dungeon Overview and Level Annotations

Branches:
Dungeon (7/15)             Bailey (1/1)
 Temple: D:4-7

Altars:
Ashenzari
Elyvilon
Gozag
Okawaru
Qazlal
Xom
Zin

Shops:
D:1 (   D:4 *


Innate Abilities, Weirdness & Mutations

You cannot be hasted, slowed, berserked, paralysed or teleported.
You can dig through walls and to a lower floor.
You have a pair of large antennae on your head. (SInv)
Your four strong arms can wield two-handed weapons with a shield.


Message History

The scroll dissolves into smoke.
It was a scroll of fog.
The orc warlord hits you with a +2 battleaxe!!
The goblin closely misses you.
Unknown command.
As you read the scroll labelled UWNEIQ IZAE, it crumbles to dust.
It is a scroll of enchant armour.
Your +1 pair of boots glows green for a moment.
The orc warlord hits you with a +2 battleaxe!
* * * LOW HITPOINT WARNING * * *
The goblin hits you with a +0 hand axe.
* * * LOW HITPOINT WARNING * * *
As you read the scroll of fear, it crumbles to dust.
You assume a fearsome visage.
The orc warlord looks frightened!
The goblin looks frightened!
As you read the scroll labelled XAIHEL ZULL, it crumbles to dust.
You hear a loud clanging noise!
It was a scroll of noise.
Unknown command.
As you read the scroll labelled LYNEPO HOTTUN, it crumbles to dust.
It is a scroll of enchant weapon.
Your +0 trident glows red for a moment.
As you read the scroll labelled PAQIX YKLUN IXUGH, it crumbles to dust.
Your body is wracked with pain!
* * * LOW HITPOINT WARNING * * *
The orc warlord convulses!
It was a scroll of torment.
Unknown command.
As you read the scroll labelled YVUACU EMUDDOL, it crumbles to dust.
You feel aware of your surroundings.
It was a scroll of magic mapping.
The orc warlord hits you with a +2 battleaxe.
* * * LOW HITPOINT WARNING * * *
Unknown command.
As you read the scroll labelled CIUVI MU ETU, it crumbles to dust.
You feel a strange sense of stasis.
It was a scroll of teleportation.
The orc warlord hits you but does no damage.
Okay, then.
Okay, then.
You feel better.
The orc warlord seems to regain its courage.
The orc warlord hits you with a +2 battleaxe!!
You die...

...###.....))))###
.###,###...).#'#.###
##{,,,,###.###.....###
,,,,,,,(.###.{.......##
,,,,,,,.(##8.§........#
,,,,,,,..(#8...§§§....#
,,,,,,,...'.g§§§⌠....∩#
,,,,,,{,..#8§§§§§.....#
,,,,,,,,.##8o§§o@§....#
,,,,,,,,,###§§§§§....##
##{,,,,###.###§§§§.###
.###,###.))).#'#.###
...###.......).###
....#...........#
....#...........#
....#)....⌠.....#
....'...........#


You could see an orc warlord.

Vanquished Creatures
  A sky beast (D:7)
  An ice beast (D:3)
  13 orc warriors (Bailey)
  2 bullfrogs (D:7)
  A water moccasin skeleton (D:3)
  The ghost of Heedrag the Conjurer, a weakling DsCj (D:3)
  A centaur zombie (D:3)
  A centaur skeleton (D:3)
  A quasit (D:4)
  A bullfrog zombie (D:3)
  A bullfrog skeleton (D:3)
  A shadow imp (D:4)
  A white imp (D:4)
  2 worms
  A dart slug (D:3)
  12 orcs
  3 endoplasms
  5 giant cockroaches
  11 hobgoblins
  12 kobolds
  3 quokkas
  6 ball pythons
  7 bats
  4 frilled lizards
  25 goblins
  6 rats
  A spectral goblin (D:2)
124 creatures vanquished.

Notes
Turn   | Place    | Note
-------+----------+-------------------------------------------
     0 | D:1      | Bnni the Formicid Fighter began the quest for the Orb.
     0 | D:1      | Reached XP level 1. HP: 18/18 MP: 1/1
    78 | D:1      | Reached XP level 2. HP: 21/24 MP: 2/2
   292 | D:1      | Found Uciptan's Antique Weapon Boutique.
   492 | D:1      | Reached XP level 3. HP: 29/29 MP: 3/3
  1236 | D:2      | Found a faded altar of an unknown god.
  1798 | D:3      | Reached XP level 4. HP: 37/37 MP: 4/4
  1810 | D:3      | Reached skill level 5 in Shields
  1839 | D:3      | Reached skill level 3 in Polearms
  2002 | D:3      | Found a glowing silver altar of Zin.
  2148 | D:3      | Found a runed translucent gate.
  2148 | D:3      | Found a runed translucent gate.
  2148 | D:3      | Found a runed translucent gate.
  2153 | D:3      | Noticed Heedrag's ghost (weakling DsCj)
  2165 | D:3      | Reached XP level 5. HP: 37/42 MP: 5/5
  2174 | D:3      | Killed Heedrag's ghost
  2175 | D:3      | Reached skill level 4 in Polearms
  2188 | D:3      | Reached XP level 6. HP: 19/49 MP: 6/6
  2203 | D:3      | Reached skill level 5 in Polearms
  2420 | D:3      | Noticed an ice beast
  2427 | D:3      | Killed an ice beast
  2428 | D:3      | Reached skill level 5 in Fighting
  2428 | D:3      | Reached XP level 7. HP: 39/56 MP: 7/7
  2675 | D:4      | Found Timmiu's Elemental Accessories.
  2676 | D:4      | You fall into a shaft and drop 3 floors!
  2689 | D:7      | Found an opulent altar of Gozag.
  2760 | D:7      | Found a white marble altar of Elyvilon.
  2767 | D:7      | Found a shimmering altar of Xom.
  2770 | D:7      | Found an iron altar of Okawaru.
  2770 | D:7      | Found a broken altar of Ashenzari.
  2777 | D:7      | Found a stormy altar of Qazlal.
  2846 | D:7      | Reached skill level 6 in Polearms
  2847 | D:7      | Identified the ring of Ephemeral Luck {Will+ Int+2}
  2879 | D:7      | Found a flagged portal.
  2913 | Bailey   | Entered a bailey
  2951 | Bailey   | Reached XP level 8. HP: 64/64 MP: 8/8
  3093 | Bailey   | Reached skill level 7 in Polearms
  3121 | Bailey   | HP: 1/96 [orc warrior/+0 war axe (7)]
  3373 | Bailey   | HP: 3/65 [orc/+0 war axe (4)]
  3600 | Bailey   | Reached skill level 8 in Polearms
  3745 | Bailey   | Identified the +8 war axe "Lyurph" {venom, MP+9 Dex+2 SInv
                  | Stlth-}
  3818 | Bailey   | Reached XP level 9. HP: 8/72 MP: 9/9
  3962 | Bailey   | Reached skill level 9 in Polearms
  4191 | Bailey   | Acquired 1171 gold pieces
  4387 | Bailey   | Noticed an orc warlord
  4407 | Bailey   | Demolished by an orc warlord

Illustrated notes

Levels and vault maps discovered:
D:1:      erik_arrival_cave_to_civilisation [erik_arrival_cave_to_hall],
          layout_basic, serial_shops, nicolae_shop_advertising_works
          [nicolae_subvault_shop_adworks]
D:2:      layout_loops_corners, dreamdust_ecumenical_altar_drowned_temple
D:3:      layout_rooms, general_overflow_altar, gammafunk_ghost_necromancy
D:4:      layout_rooms, mainiacjoe_overflow_divided_tiny,
          minmay_temple_entry_steel_oval, serial_demonic, serial_demonic_g,
          serial_demonic_b, serial_demonic_e, serial_demonic_a,
          columned_hall_lemuel, nicolae_elemental_shop, fountainhead,
          nicolae_shop_self_help
D:7:      layout_loops_ring, mainiacjoe_overflow_chevrons,
          nicolae_overflow_hallway_of_the_gods, marbit_many_paths,
          enter_bailey_3
Bailey:   bailey_axe_minmay_hex_keep, bailey

Skill      XL: |  1  2  3  4  5  6  7  8  9 |
---------------+----------------------------+-----
Shields        | 5 |  5.0
Polearms       | 3 4 5 6 8 9 |  9.5
Fighting       | 4 5 6 7 |  7.9
Armour         | |  3.2

Action                   |  1- 3 |  4- 6 |  7- 9 || total
-------------------------+-------+-------+-------++-------
Melee: Trident           |   128 |    99 |   232 ||   459
Throw: Dart              |       |       |     3 ||     3
 Abil: Dig               |       |     1 |       ||     1
Evoke: Wand              |       |       |     2 ||     2
  Use: Scroll            |       |     3 |    12 ||    15
       Potion            |       |       |    11 ||    11
 Stab: Distracted        |       |       |     3 ||     3
Armor: Scale mail        |    30 |    12 |       ||    42
       Plate armour      |       |    40 |    81 ||   121
       Skin              |       |       |    33 ||    33
Dodge: Dodged            |    43 |    24 |    51 ||   118
Block: Buckler           |    19 |    37 |    98 ||   154

Table legend: (Time is in decaauts)
 A = Elapsed time spent in this place.
 B = Non-inter-level travel time spent in this place.
 C = Inter-level travel time spent in this place.
 D = Time resting spent in this place.
 E = Time spent auto-exploring this place.
 F = Levels seen in this place.
 G = Mean time per level.
                   A        B        C        D        E       F      G
               +--------+--------+--------+--------+--------+-----+--------+
         Total |   4442 |   4349 |     93 |   1211 |   2074 |   6 |  740.3 |
       Dungeon |   2959 |   2866 |     93 |    139 |   2067 |   5 |  591.8 |
        Bailey |   1482 |   1482 |      0 |   1072 |      7 |   1 | 1482.0 |
               +--------+--------+--------+--------+--------+-----+--------+

Top non-repeatable levels by time:
  Bailey: 1482 daAuts
     D:1: 954 daAuts
     D:2: 868 daAuts
     D:3: 797 daAuts
     D:7: 237 daAuts
     D:4: 101 daAuts
